 Dungeon Crawl Stone Soup version 0.26-a0-712-ga5a9c9c9d0 (webtiles) character file.

Game seed: 7542450688608458552

1954 Azzok the Blocker (level 8, -10/96 HPs)
             Began as a Demonspawn Fighter on Nov 3, 2020.
             Was a Believer of Trog.
             Killed from afar by Erica (27 damage)
             ... with a bolt of poison
             ... on level 8 of the Dungeon.
             The game lasted 00:09:03 (7150 turns).

Azzok the Blocker (Demonspawn Fighter)              Turns: 7150, Time: 00:09:04

Health: -10/96     AC: 16    Str: 25    XL:     8   Next: 99%
Magic:  8/8        EV: 10    Int: 12    God:    Trog [**....]
Gold:   431        SH: 11    Dex: 13    Spells: 7/7 levels left

rFire    . . .     SeeInvis .   a - +1 war axe
rCold    + . .     Faith    .   c - +0 kite shield
rNeg     . . .     Spirit   .   l - +0 plate armour
rPois    .         Reflect  .   o - +0 helmet {Int+3}
rElec    .         Harm     .   H - +0 cloak
rCorr    +         Rampage  .   (no gloves)
MR       ++...                  I - +0 pair of boots
Stlth    ..........             (no amulet)
HPRegen  1.26/turn              h - +6 ring of strength
MPRegen  0.11/turn              z - ring of resist corrosion

@: mighty, agile, berserking, lethally poisoned (-10 -> -12), regenerating, very
quick
A: hooves 1, yellow scales 1, cold resistance 1, powered by pain 1
a: Berserk, Trog's Hand, Renounce Religion


You were on level 8 of the Dungeon.
You worshipped Trog.
Trog was pleased with you.
You visited 1 branch of the dungeon, and saw 8 of its levels.
You also visited: Sewer.

You collected 431 gold pieces.

Inventory:

Hand Weapons
 a - a +1 war axe (weapon)
 d - a +0 dagger of venom
Armour
 c - a +0 kite shield (worn)
 l - a +0 plate armour (worn)
 o - a +0 helmet of intelligence (worn)
 H - a +0 cloak (worn)
 I - a +0 pair of boots (worn)
Jewellery
 h - a +6 ring of strength (left hand)
 m - an uncursed ring of flight
 z - a ring of resist corrosion (right hand)
Scrolls
 e - 4 scrolls of remove curse
 f - 5 scrolls of enchant weapon
 i - a scroll of fear {unknown}
 p - 6 scrolls of magic mapping {unknown}
 s - a scroll of immolation {unknown}
 t - a scroll of amnesia {unknown}
 x - 2 scrolls of blinking {unknown}
 B - 6 scrolls of teleportation {unknown}
 E - 2 scrolls of fog {unknown}
 F - a scroll of enchant armour
Potions
 b - 3 potions of mutation {!q}
 g - a potion of lignification
 j - 2 potions of heal wounds {unknown}
 k - 3 potions of brilliance
 n - a potion of haste
 q - a potion of cancellation
 r - a potion of magic
 u - 3 potions of flight
 v - a potion of berserk rage
 A - 2 potions of curing
 C - a potion of invisibility
 D - a potion of stabbing
 G - a potion of might


   Skills:
 - Level 6.0 Fighting
 + Level 6.2 Axes
 - Level 2.6 Armour
 + Level 8.0 Shields


You had 7 spell levels left.
You didn't know any spells.
Your spell library was empty.

Dungeon Overview and Level Annotations

Branches:
Dungeon (8/15)             Temple (0/1) D:5           Sewer (visited)
   Lair: D:8-11

Altars:
Ashenzari
Dithmenos
Qazlal
Trog

Annotations:
D:8 Erica


Innate Abilities, Weirdness & Mutations

You have large cloven feet.
You are partially covered in yellow scales. (AC +2)
Your flesh is cold resistant. (rC+)
You sometimes gain a little power by taking damage.


Message History

Deactivating autopickup; reactivate with Ctrl-A.
You barely miss something.
You feel sick. Something completely misses you.
You barely miss something. You closely miss something.
You hear some strange, mumbled words.
A lance of force appears from out of thin air!
The lance of force hits you!
* * * LOW HITPOINT WARNING * * *
You focus on the pain.
You feel agile all of a sudden.
You are knocked back by the lance of force.
You slam into the rock wall!
* * * LOW HITPOINT WARNING * * *
You feel sick.
You slash something!
You hear some strange, mumbled words.
A bolt of poison appears from out of thin air!
The bolt of poison hits you!!
You are more poisoned.
You die...

▒·▒ ·▒ ·· ·▒ ▒▒▒▒ ▒·▒▒▒▒·▒▒
▒···▒▒······· ···········▒
···········▒ ·▒ ···········▒
·▒▒ ······†·{@·▒ ···
·>········▒▒ ▒▒·▒ ▒·
▒···▒▒···▒▒ ▒▒···▒ ▒··▒▒▒
▒▒··▒▒▒▒▒▒▒▒··▒▒▒·▒ ▒··▒
▒▒▒··▒··············▒
▒···▒▒······▒▒▒▒▒▒▒·▒▒▒▒▒▒
······▒▒▒▒▒▒▒▒▒▒▒▒·▒▒▒▒▒▒
▒▒·▒▒··▒····················
·········▒▒▒▒▒▒▒▒▒▒▒·▒▒▒▒▒▒▒


There were no monsters in sight!

Vanquished Creatures
  Duvessa (D:4)
  An ice beast (D:5)
  3 ogres
  A phantom (D:5)
  2 bullfrogs (D:6)
  A water moccasin zombie (D:7)
  Dowan (D:4)
  3 scorpions
  A howler monkey (D:5)
  A centaur zombie (D:7)
  A jelly (D:6)
  5 hounds
  3 orc priests
  3 iguanas
  Ijyb (D:4)
  Natasha (thrice) (D:3)
  4 orc wizards
  7 worker ants
  A hound skeleton (D:4)
  A howler monkey zombie (D:3)
  8 adders
  3 white imps
  An ufetubus (D:5)
  An ooze (D:3)
  2 adder skeletons (D:4)
  2 dart slugs
  3 worms
  9 leopard geckos
  17 orcs
  10 bats
  9 giant cockroaches
  6 hobgoblins
  7 jackals
  9 kobolds
  2 quokkas
  4 ball pythons
  A frilled lizard (D:5)
  8 goblins
  A goblin zombie (D:6)
  A leopard gecko zombie (D:7)
  A quokka zombie (D:6)
  7 rats
156 creatures vanquished.

Notes
Turn   | Place    | Note
-------+----------+-------------------------------------------
     0 | D:1      | Azzok the Demonspawn Fighter began the quest for the Orb.
     0 | D:1      | Reached XP level 1. HP: 18/18 MP: 1/1
   244 | D:1      | Reached skill level 3 in Shields
   248 | D:1      | Gained mutation: You sometimes gain a little power by
                  | taking damage. [demonic ancestry]
   248 | D:1      | Reached XP level 2. HP: 24/24 MP: 2/2
   793 | D:2      | Reached XP level 3. HP: 26/29 MP: 3/3
  1636 | D:3      | Noticed Natasha
  1644 | D:3      | Killed Natasha
  1644 | D:3      | Reached XP level 4. HP: 20/37 MP: 4/4
  1864 | D:3      | Noticed Natasha
  1890 | D:3      | Killed Natasha
  1890 | D:3      | Reached skill level 4 in Shields
  1932 | D:3      | Noticed Natasha
  1940 | D:3      | Killed Natasha
  1940 | D:3      | Gained mutation: You are partially covered in yellow
                  | scales. (AC +2) [demonic ancestry]
  1940 | D:3      | Reached XP level 5. HP: 18/43 MP: 5/5
  2357 | D:3      | Found a bloodstained altar of Trog.
  2363 | D:3      | Became a worshipper of Trog the Wrathful
  2518 | D:3      | Found a broken altar of Ashenzari.
  2727 | D:4      | Reached skill level 5 in Fighting
  2774 | D:4      | Gained mutation: You have large cloven feet. [demonic
                  | ancestry]
  2774 | D:4      | Reached XP level 6. HP: 34/51 MP: 6/6
  2936 | D:4      | Reached skill level 5 in Shields
  3032 | D:4      | Noticed Ijyb
  3041 | D:4      | Killed Ijyb
  3428 | D:4      | Noticed Dowan
  3429 | D:4      | Noticed Duvessa
  3435 | D:4      | Killed Dowan
  3435 | D:4      | Gained mutation: Your flesh is cold resistant. (rC+)
                  | [demonic ancestry]
  3435 | D:4      | Reached XP level 7. HP: 51/58 MP: 7/7
  3438 | D:4      | Killed Duvessa
  3814 | D:5      | Entered Level 5 of the Dungeon
  3966 | D:5      | Reached * piety under Trog
  3992 | D:5      | Reached skill level 6 in Shields
  4251 | D:5      | Found a staircase to the Ecumenical Temple.
  4564 | D:5      | Reached XP level 8. HP: 59/64 MP: 8/8
  5179 | D:6      | Found a stormy altar of Qazlal.
  5196 | D:6      | Reached skill level 7 in Shields
  5398 | D:6      | Found a glowing drain.
  5411 | Sewer    | Entered a sewer
  5700 | D:6      | Reached skill level 5 in Axes
  6529 | D:7      | Reached ** piety under Trog
  6796 | D:7      | Found a shadowy altar of Dithmenos.
  6997 | D:8      | Reached skill level 8 in Shields
  7134 | D:8      | Noticed Erica
  7150 | D:8      | Killed from afar by Erica

Illustrated notes

Levels and vault maps discovered:
D:1:      denvon_arrival_planthouse, layout_rooms
D:2:      layout_basic, serial_park_tiny_2
D:3:      layout_loops_ring, lemuel_round_altar, bloody_trog, uniq_natasha
D:4:      layout_basic, uniq_ijyb, uniq_duvessa
D:5:      layout_loops_corners, minmay_temple_entry_mini_moons
D:6:      layout_loops_corners, lemuel_crystal_altar,
          cheibrodos_sewer_entry_drain, enter_ossuary_4, st_stairs_8
D:7:      layout_cave_pools, lemuel_round_altar
D:8:      layout_rooms, uniq_pikel, uniq_prince_ribbit1, uniq_erica

Skill      XL: |  1  2  3  4  5  6  7  8 |
---------------+-------------------------+-----
Shields        | 3 4 5 6 8 |  8.0
Fighting       | 4 5 6 |  6.0
Axes           | 2 4 6 |  6.2
Armour         | |  2.6

Action                   |  1- 3 |  4- 6 |  7- 9 || total
-------------------------+-------+-------+-------++-------
Melee: War axe           |   129 |   175 |   259 ||   563
       Kick              |       |    22 |    60 ||    82
       Unarmed           |       |     1 |       ||     1
Invok: Berserk           |       |       |     1 ||     1
       Trog's Hand       |       |       |     1 ||     1
  Use: Scroll            |       |     6 |     8 ||    14
       Potion            |       |     1 |       ||     1
Armor: Scale mail        |    13 |       |       ||    13
       Plate armour      |    75 |   120 |   126 ||   321
Dodge: Dodged            |    34 |    34 |    53 ||   121
Block: Kite shield       |    76 |   102 |   145 ||   323

Table legend: (Time is in decaauts)
 A = Elapsed time spent in this place.
 B = Non-inter-level travel time spent in this place.
 C = Inter-level travel time spent in this place.
 D = Time resting spent in this place.
 E = Time spent auto-exploring this place.
 F = Levels seen in this place.
 G = Mean time per level.
                   A        B        C        D        E       F      G
               +--------+--------+--------+--------+--------+-----+--------+
         Total |   7476 |   7324 |    152 |    447 |   5356 |   9 |  830.7 |
       Dungeon |   7097 |   6945 |    152 |    447 |   5147 |   8 |  887.1 |
         Sewer |    379 |    379 |      0 |      0 |    209 |   1 |  379.0 |
               +--------+--------+--------+--------+--------+-----+--------+

Top non-repeatable levels by time:
     D:5: 1302 daAuts
     D:3: 1264 daAuts
     D:4: 1167 daAuts
     D:6: 996 daAuts
     D:1: 810 daAuts
     D:2: 729 daAuts
     D:7: 662 daAuts
   Sewer: 379 daAuts
     D:8: 163 daAuts
